SA
TENNESSEE SMOKIES @ DELAWARE 1787 BC
07/05/2042
 
TOP OF THE 1ST
Tennessee Smokies batting - Pitching for Delaware 1787 BC : RHP Dario Zorander
Pitching: RHP Dario Zorander
Batting: LHB Royce Rolls 0-0: Swinging Strike
0-1: Foul Ball, location: 2F
0-2: Ball
1-2: Foul Ball, location: 2F
1-2: Fly out, F8 (Flyball, 8LXD, EV 89.4 MPH)
Batting: RHB Darrell MacGregor 0-0: Ball
1-0: Called Strike
1-1: Foul Ball, location: 2F
1-2: Ball
2-2: Foul Ball, location: 2F
2-2: Foul Ball, location: 2F
2-2: Ball
3-2: Base on Balls
Batting: SHB Rafael Villa 0-0: Ball
Darrell MacGregor is caught stealing 2nd base 2-6
1-0: Swinging Strike
1-1: Foul Ball, location: 2F
1-2: Strikes out swinging
Top of the 1st over - 0 runs, 0 hits, 0 errors, 0 left on base; Tennessee 0 - Delaware 0
BOTTOM OF THE 1ST
Delaware 1787 BC batting - Pitching for Tennessee Smokies : RHP Ben Kemp
Pitching: RHP Ben Kemp
Batting: RHB Ryan Dodson 0-0: Foul Ball, location: 2F
0-1: Fly out, F9 (Flyball, 9LS, EV 94.4 MPH)
Batting: LHB Luis Concepción 0-0: Called Strike
0-1: Foul Ball, location: 2F
0-2: Strikes out looking
Batting: RHB Mhelter Tejano 0-0: Called Strike
0-1: Ball
1-1: Swinging Strike
1-2: Foul Ball, location: 2F
1-2: Foul Ball, location: 2F
1-2: Strikes out swinging
Bottom of the 1st over - 0 runs, 0 hits, 0 errors, 0 left on base; Tennessee 0 - Delaware 0
TOP OF THE 2ND
Tennessee Smokies batting - Pitching for Delaware 1787 BC : RHP Dario Zorander
Batting: LHB Jason Durkin 0-0: Called Strike
0-1: Called Strike
0-2: Strikes out looking
Batting: RHB Yoshitora Nakayama 0-0: Ball
1-0: Foul Ball, location: 2F
1-1: Ground out 6-3 (Groundball, 6, EV 91.9 MPH)
Batting: RHB Dae-jin Dokgo 0-0: Called Strike
0-1: Called Strike
0-2: Ball
1-2: Strikes out swinging
Top of the 2nd over - 0 runs, 0 hits, 0 errors, 0 left on base; Tennessee 0 - Delaware 0
BOTTOM OF THE 2ND
Delaware 1787 BC batting - Pitching for Tennessee Smokies : RHP Ben Kemp
Batting: LHB Chandler Schroeder 0-0: Ground out 4-3 (Groundball, 4, EV 85.0 MPH)
Batting: LHB Keith Nash 0-0: Foul Ball, location: 2F
0-1: SINGLE (Groundball, 4D, EV 97.5 MPH)
Batting: RHB Justin Schock 0-0: Called Strike
0-1: Fly out, F8 (Line Drive, 8LD, EV 83.8 MPH)
Batting: RHB Brian Thomas 0-0: Called Strike
0-1: Ball
1-1: Ball
2-1: Fielders Choice at 2nd, 6-4 (Groundball, 6, EV 89.4 MPH)
Bottom of the 2nd over - 0 runs, 1 hit, 0 errors, 1 left on base; Tennessee 0 - Delaware 0
TOP OF THE 3RD
Tennessee Smokies batting - Pitching for Delaware 1787 BC : RHP Dario Zorander
Batting: RHB Cleaver Greene 0-0: Ball
1-0: Swinging Strike
1-1: Swinging Strike
1-2: Fly out, F9 (Flyball, 89M, EV 83.1 MPH)
Batting: RHB Thad Johnson 0-0: Foul Ball, location: 2F
0-1: Called Strike
0-2: Ball
1-2: Foul Ball, location: 2F
1-2: Ball
2-2: Foul Ball, location: 2F
2-2: Ball
3-2: Foul Ball, location: 2F
3-2: Strikes out looking
Batting: RHB Andrew Whitfield 0-0: Fly out, F8 (Flyball, 8RM, EV 81.9 MPH)
Top of the 3rd over - 0 runs, 0 hits, 0 errors, 0 left on base; Tennessee 0 - Delaware 0
BOTTOM OF THE 3RD
Delaware 1787 BC batting - Pitching for Tennessee Smokies : RHP Ben Kemp
Batting: RHB Julián Zambrano 0-0: Ball
1-0: Foul Ball, location: 2F
1-1: Ground out 1-3 (Groundball, P, EV 86.2 MPH)
Batting: LHB Brian Webb 0-0: Called Strike
0-1: Swinging Strike
0-2: Ball
1-2: Ball
2-2: Ball
3-2: Ground out 6-3 (Groundball, 6, EV 98.1 MPH)
Batting: RHB Ryan Dodson 0-0: Ball
1-0: Ground out 4-3 (Groundball, 4, EV 102.5 MPH)
Bottom of the 3rd over - 0 runs, 0 hits, 0 errors, 0 left on base; Tennessee 0 - Delaware 0
TOP OF THE 4TH
Tennessee Smokies batting - Pitching for Delaware 1787 BC : RHP Dario Zorander
Batting: LHB Royce Rolls 0-0: Foul Ball, location: 2F
0-1: Ball
1-1: TRIPLE (Flyball, 89XD, EV 100.0 MPH)
Batting: RHB Darrell MacGregor 0-0: Swinging Strike
0-1: SINGLE (Groundball, 6MD, EV 109.4 MPH)
Royce Rolls scores
Batting: SHB Rafael Villa 0-0: Ball
1-0: Ball
2-0: Called Strike
2-1: Ball
3-1: Swinging Strike
3-2: SINGLE (Groundball, 6D, EV 96.2 MPH)
Darrell MacGregor to second
Batting: LHB Jason Durkin 0-0: Grounds into double play, 3-6-1 (Groundball, 34, EV 111.2 MPH)
Darrell MacGregor to third
Batting: RHB Yoshitora Nakayama 0-0: Ball
1-0: Called Strike
1-1: Ball
2-1: Foul Ball, location: 2F
2-2: Ball
3-2: Strikes out looking
Top of the 4th over - 1 run, 3 hits, 0 errors, 1 left on base; Tennessee 1 - Delaware 0
BOTTOM OF THE 4TH
Delaware 1787 BC batting - Pitching for Tennessee Smokies : RHP Ben Kemp
Batting: LHB Luis Concepción 0-0: Ball
1-0: Foul Ball, location: 2F
1-1: Foul Ball, location: 2F
1-2: Foul Ball, location: 2F
1-2: Strikes out swinging
Batting: RHB Mhelter Tejano 0-0: Ball
1-0: Ball
2-0: Ball
3-0: Base on Balls
Batting: LHB Chandler Schroeder 0-0: Ball
1-0: Ball
2-0: Foul Ball, location: 2F
2-1: Swinging Strike
2-2: 2-RUN HOME RUN (Flyball, 89XD, EV 101.2 MPH), Distance : 409 ft
Batting: LHB Keith Nash 0-0: Ball
1-0: Ball
2-0: Swinging Strike
2-1: Called Strike
2-2: Ball
3-2: Strikes out swinging
Batting: RHB Justin Schock 0-0: Ball
1-0: Fly out, F9 (Flyball, 89S, EV 91.9 MPH)
Bottom of the 4th over - 2 runs, 1 hit, 0 errors, 0 left on base; Tennessee 1 - Delaware 2
TOP OF THE 5TH
Tennessee Smokies batting - Pitching for Delaware 1787 BC : RHP Dario Zorander
Batting: RHB Dae-jin Dokgo 0-0: Ball
1-0: Fly out, F8 (Line Drive, 8RM, EV 88.8 MPH)
Batting: RHB Cleaver Greene 0-0: Called Strike
0-1: Called Strike
0-2: Fly out, F9 (Flyball, 9LS, EV 88.8 MPH)
Batting: RHB Thad Johnson 0-0: Ball
1-0: Called Strike
1-1: Ball
2-1: Swinging Strike
2-2: Ball
3-2: Fly out, F8 (Flyball, 8LM, EV 85.6 MPH)
Top of the 5th over - 0 runs, 0 hits, 0 errors, 0 left on base; Tennessee 1 - Delaware 2
BOTTOM OF THE 5TH
Delaware 1787 BC batting - Pitching for Tennessee Smokies : RHP Ben Kemp
Batting: RHB Brian Thomas 0-0: Called Strike
0-1: Foul Ball, location: 2F
0-2: Strikes out swinging
Batting: RHB Julián Zambrano 0-0: Ground out 1-3 (Groundball, 25, EV 86.9 MPH)
Batting: LHB Brian Webb 0-0: DOUBLE (Line Drive, 78M, EV 106.2 MPH)
Batting: RHB Ryan Dodson 0-0: Called Strike
0-1: Ball
1-1: Foul Ball, location: 2F
1-2: Foul Ball, location: 2F
1-2: Ball
2-2: Ball
3-2: Base on Balls
Batting: LHB Luis Concepción 0-0: TRIPLE (Line Drive, 78XD, EV 101.9 MPH)
Brian Webb scores
Ryan Dodson scores
Batting: RHB Mhelter Tejano 0-0: SINGLE (Flyball, 9S, EV 92.5 MPH)
Luis Concepción scores
Pitching: RHP Lang Chen
Batting: LHB Chandler Schroeder 0-0: Called Strike
Mhelter Tejano is caught stealing 2nd base 2-6
Bottom of the 5th over - 3 runs, 3 hits, 0 errors, 0 left on base; Tennessee 1 - Delaware 5
TOP OF THE 6TH
Tennessee Smokies batting - Pitching for Delaware 1787 BC : RHP Dario Zorander
Batting: RHB Andrew Whitfield 0-0: Ball
1-0: Fly out, F8 (Flyball, 8LXD, EV 99.4 MPH)
Batting: LHB Royce Rolls 0-0: Called Strike
0-1: Foul Ball, location: 2F
0-2: Strikes out swinging
Batting: RHB Darrell MacGregor 0-0: Ball
1-0: Ground out 4-3 (Groundball, 4, EV 89.4 MPH)
Top of the 6th over - 0 runs, 0 hits, 0 errors, 0 left on base; Tennessee 1 - Delaware 5
BOTTOM OF THE 6TH
Delaware 1787 BC batting - Pitching for Tennessee Smokies : RHP Lang Chen
Batting: LHB Chandler Schroeder 0-0: Ball
1-0: DOUBLE (Flyball, 89D, EV 93.1 MPH)
Batting: LHB Keith Nash 0-0: Foul Ball, location: 2F
0-1: Swinging Strike
0-2: Ball
1-2: Strikes out looking
Batting: RHB Justin Schock 0-0: Ball
1-0: Swinging Strike
1-1: Swinging Strike
1-2: Foul Ball, location: 2F
1-2: Ball
2-2: Foul Ball, location: 2F
2-2: Strikes out looking
Batting: RHB Brian Thomas 0-0: Called Strike
0-1: Called Strike
0-2: Ball
1-2: Foul Ball, location: 2F
1-2: Ball
2-2: Strikes out swinging
Bottom of the 6th over - 0 runs, 1 hit, 0 errors, 1 left on base; Tennessee 1 - Delaware 5
TOP OF THE 7TH
Tennessee Smokies batting - Pitching for Delaware 1787 BC : RHP Dario Zorander
Batting: SHB Rafael Villa 0-0: Called Strike
0-1: Ball
1-1: Swinging Strike
1-2: Foul Ball, location: 2F
1-2: Strikes out swinging, 2-3 out at first.
Batting: LHB Jason Durkin 0-0: Called Strike
0-1: Ball
1-1: Called Strike
1-2: Fly out, F8 (Line Drive, 8RD, EV 91.9 MPH)
Batting: RHB Yoshitora Nakayama 0-0: Foul Ball, location: 2F
0-1: Foul Ball, location: 2F
0-2: Fly out, F9 (Line Drive, 9, EV 98.8 MPH)
Top of the 7th over - 0 runs, 0 hits, 0 errors, 0 left on base; Tennessee 1 - Delaware 5
BOTTOM OF THE 7TH
Delaware 1787 BC batting - Pitching for Tennessee Smokies : RHP Lang Chen
Batting: RHB Julián Zambrano 0-0: Ball
1-0: Ground out 5-3 (Groundball, 56, EV 101.9 MPH)
Batting: LHB Brian Webb 0-0: SINGLE (Line Drive, 5L, EV 106.9 MPH)
Batting: RHB Ryan Dodson 0-0: Swinging Strike
0-1: Foul Ball, location: 2F
0-2: Ball
1-2: Ball
2-2: Strikes out swinging
Batting: LHB Luis Concepción 0-0: Foul Ball, location: 2F
0-1: Foul Ball, location: 2F
0-2: Ball
1-2: Fly out, F9 (Flyball, 9, EV 86.9 MPH)
Bottom of the 7th over - 0 runs, 1 hit, 0 errors, 1 left on base; Tennessee 1 - Delaware 5
TOP OF THE 8TH
Tennessee Smokies batting - Pitching for Delaware 1787 BC : RHP Dario Zorander
Batting: RHB Dae-jin Dokgo 0-0: Foul Ball, location: 2F
0-1: SINGLE (Groundball, 56D, EV 106.9 MPH)
Batting: RHB Cleaver Greene 0-0: Called Strike
0-1: Ball
1-1: Called Strike
1-2: Strikes out swinging
Batting: RHB Thad Johnson 0-0: Called Strike
0-1: Ball
1-1: Foul Ball, location: 2F
1-2: Foul Ball, location: 2F
1-2: Ball
2-2: Strikes out swinging
Batting: RHB Andrew Whitfield 0-0: Foul Ball, location: 2F
0-1: Swinging Strike
0-2: Ball
1-2: Ball
2-2: Strikes out swinging
Top of the 8th over - 0 runs, 1 hit, 0 errors, 1 left on base; Tennessee 1 - Delaware 5
BOTTOM OF THE 8TH
Delaware 1787 BC batting - Pitching for Tennessee Smokies : RHP Lang Chen
Batting: RHB Mhelter Tejano 0-0: Ball
1-0: Ball
2-0: SINGLE (Flyball, 9LM, EV 90.6 MPH)
Batting: LHB Chandler Schroeder 0-0: Called Strike
0-1: Ball
1-1: Ball
2-1: Ball
3-1: Called Strike
3-2: Base on Balls
Mhelter Tejano to second
Batting: LHB Keith Nash 0-0: Ball
1-0: 3-RUN HOME RUN (Flyball, 7D, EV 93.1 MPH), Distance : 359 ft
Pinch Hitting: RHB Roy Walker 0-0: Ball
1-0: Ball
2-0: SINGLE (Line Drive, 56, EV 95.0 MPH)
Batting: RHB Brian Thomas 0-0: Ball
1-0: Ball
2-0: Called Strike
2-1: Called Strike
2-2: Strikes out swinging
Batting: RHB Julián Zambrano 0-0: Called Strike
0-1: Ball
1-1: Foul Ball, location: 2F
1-2: Strikes out swinging
Batting: LHB Brian Webb 0-0: Ball
1-0: Foul Ball, location: 2F
1-1: Ground out U3 (Groundball, 34, EV 98.8 MPH)
Bottom of the 8th over - 3 runs, 3 hits, 0 errors, 1 left on base; Tennessee 1 - Delaware 8
TOP OF THE 9TH
Tennessee Smokies batting - Pitching for Delaware 1787 BC : RHP Dario Zorander
Now at 3B: Roy Walker
Pinch Hitting: RHB Stanislov Navashin 0-0: Ball
1-0: Called Strike
1-1: Called Strike
1-2: Strikes out swinging
Batting: RHB Darrell MacGregor 0-0: DOUBLE (Flyball, 8LXD, EV 104.4 MPH)
Batting: SHB Rafael Villa 0-0: Ball
1-0: Ball
Wild Pitch!
Darrell MacGregor to third
2-0: Called Strike
2-1: Ground out 4-3 (Groundball, 4S, EV 83.1 MPH)
Darrell MacGregor scores
Batting: LHB Jason Durkin 0-0: Ball
1-0: Ball
2-0: Called Strike
2-1: Foul Ball, location: 2F
2-2: Ball
3-2: SINGLE (Groundball, 34, EV 99.4 MPH) (infield hit)
Pitching: RHP Carlos Oilvares
Batting: RHB Yoshitora Nakayama 0-0: Called Strike
0-1: Ball
1-1: Ground out 1-3 (Groundball, P, EV 77.5 MPH)
Top of the 9th over - 1 run, 2 hits, 0 errors, 1 left on base; Tennessee 2 - Delaware 8
Friday, March 26th, 2021 - OOTP Baseball 20.8 Build 74